 Dungeon Crawl Stone Soup version 0.25.0-9-g26727b657a (webtiles) character file.

Game seed: 2722664370934503430

55 Revguard the Sneak (level 3, 0/24 HPs)
             Began as a Vampire Assassin on June 17, 2020.
             Slain by a goblin
             ... wielding a +0 club
             ... led by Robin
              (2 damage)
             ... on level 2 of the Dungeon.
             The game lasted 00:05:02 (1647 turns).

Revguard the Sneak (Vampire Assassin)               Turns: 1647, Time: 00:05:02

Health: 0/24       AC:  4    Str: 10    XL:     3   Next: 67%
Magic:  3/3        EV: 12    Int: 13    God:
Gold:   34         SH:  0    Dex: 16    Spells: 2/2 levels left

rFire    . . .     SeeInvis +   a - +2 dagger
rCold    . . .     Gourm    .   (no shield)
rNeg     . . .     Faith    .   g - +0 leather armour
rPois    .         Spirit   .   (no helmet)
rElec    .         Reflect  .   c - +0 cloak
rCorr    .         Harm     .   (no gloves)
MR       .....                  (no boots)
Stlth    ++++......             (no amulet)
HPRegen  0.28/turn              (no ring)
MPRegen  0.08/turn              (no ring)

@: regenerating quickly
A: no food, fangs 3, see invisible, [frail 1], unbreathing
a: Exsanguinate


You were on level 2 of the Dungeon.
You were alive.

You visited 1 branch of the dungeon, and saw 2 of its levels.

You collected 34 gold pieces.

Inventory:

Hand Weapons
 a - a +2 dagger (weapon)
Missiles
 d - 29 poisoned darts (quivered)
Armour
 b - a +0 robe
 c - a +0 cloak (worn)
 g - a +0 leather armour (worn)


   Skills:
 + Level 1.8 Fighting
 + Level 2.6 Short Blades
 + Level 1.6 Throwing
 * Level 1.6 Dodging
 + Level 7.5 Stealth


You had 2 spell levels left.
You didn't know any spells.
Your spell library was empty.

Dungeon Overview and Level Annotations

Branches:
Dungeon (2/15)

Altars:


Innate Abilities, Weirdness & Mutations

You do not eat.
Your natural rate of healing is unusually fast.
You have razor-sharp teeth.
You have supernaturally acute eyesight. (SInv)
You can survive without breathing.
[You are frail. (-10% HP)]


Message History

The hobgoblin no longer looks unusually strong.
The goblin hits you with a +0 club.
* * * LOW HITPOINT WARNING * * *
Throwing (i - inventory)
d - 30 poisoned darts (quivered)
Press: ? - help, Shift-Dir - straight line, f/p - Robin
Aim: Robin, wielding a -2 whip, wearing a +0 animal skin and wearing a +2 helmet (moderately wounded)
You throw a poisoned dart. The poisoned dart hits Robin.
Robin is poisoned.
Robin is moderately wounded.
Robin hits you but does no damage. The goblin barely misses you.
Okay, then.
You hit Robin. You bite Robin.
Robin is severely wounded.
Robin barely misses you.
You hit Robin.
Robin is almost dead.
The goblin hits you but does no damage.
You hit Robin.
You kill Robin!
The goblin hits you with a +0 club.
You die...

#.# #g# #.# #g# #g# #g#
#.# #######.# #(g@)gg.#
#.####### #.# #.# #.#
#.#
#######.###############
......................#
.####################.#


You could see a hobgoblin and 2 goblins.

Vanquished Creatures
  Robin (D:2)
  2 dart slugs (D:1)
  A leopard gecko (D:1)
  2 giant cockroaches (D:1)
  8 goblins
  2 hobgoblins (D:1)
  4 jackals (D:1)
  9 kobolds
  4 bats (D:1)
  A frilled lizard (D:1)
  4 rats (D:1)
38 creatures vanquished.

Notes
Turn   | Place    | Note
-------+----------+-------------------------------------------
     0 | D:1      | Revguard the Vampire Assassin began the quest for the Orb.
     0 | D:1      | Reached XP level 1. HP: 16/16 MP: 1/1
    14 | D:1      | Reached skill level 6 in Stealth
   328 | D:1      | Reached XP level 2. HP: 17/17 MP: 2/2
   963 | D:1      | Reached skill level 7 in Stealth
   989 | D:1      | Reached XP level 3. HP: 19/21 MP: 3/3
  1585 | D:2      | Noticed Robin
  1643 | D:2      | HP: 1/24 [goblin/+0 club[Robin] (3)]
  1647 | D:2      | Killed Robin
  1647 | D:2      | Slain by a goblin

Illustrated notes

Levels and vault maps discovered:
D:1:      shiori_shiawase, layout_basic, st_stairs_7
D:2:      layout_basic, nrook_uturn, uniq_natasha, uniq_robin

Skill      XL: |  1  2 |
---------------+-------+-----
Stealth        | 6 7 |  7.5
Fighting       | |  1.8
Short Blades   | |  2.6
Throwing       | |  1.6
Dodging        | |  1.6

Action                   || total
-------------------------++-------
Melee: Dagger            ||    92
       Bite              ||     7
Throw: Dart              ||     9
 Abil: Exsanguinate      ||     1
       Revivify          ||     1
  Use: Potion            ||     2
       Scroll            ||     2
 Stab: Sleeping          ||    19
Armor: Robe              ||    23
       Leather armour    ||    10
Dodge: Dodged            ||    56
